 Dungeon Crawl Stone Soup version 0.32-a0-711-g016ad743e0 (webtiles) character file.

Game seed: 164975133644222952

989 MackTheKnife the Basher (level 7, 0/59 HPs)
             Began as a Mountain Dwarf Wanderer on Mar 15, 2024.
             Engulfed by Pikel the steam dragon's steam (2 damage)
             ... on level 6 of the Dungeon.
             The game lasted 00:09:08 (6737 turns).

MackTheKnife the Basher (Mountain Dwarf Wanderer)   Turns: 6737, Time: 00:09:09

Health: 0/59       AC:  0    Str: 18    XL:     7   Next: 98%
Magic:  0/8        EV: 17    Int: 12    God:
Gold:   269        SH:  0    Dex: 13    Spells: 7/8 levels left

rFire   . . .        x - melded +2 morningstar (freeze) {mace}
rCold   . . .        g - melded +1 buckler
rNeg    . . .        d - melded +0 leather armour
rPois   .            (helmet currently unavailable)
rElec   .            (cloak currently unavailable)
rCorr   .            f - melded +1 pair of gloves of the Barnacle {rF++}
SInv    .            (boots currently unavailable)
Will    .....        t - amulet of guardian spirit
Stlth   +            n - melded +6 ring of strength
HPRegen 0.29/turn    (ring currently unavailable)
MPRegen 0.11/turn

%: guardian spirit
@: bat-form, flying, very quick
A: fast, flying, no casting, tiny, runic magic, artefact enchanting
a: no special abilities


You were on level 6 of the Dungeon.
You were a bat.
You visited 1 branch of the dungeon, and saw 6 of its levels.

You collected 339 gold pieces.
You spent 70 gold pieces at shops.


Innate Abilities, Weirdness & Mutations

You are a bat.
You are tiny and dextrous.
You move quickly.
You are flying.
Your equipment is almost entirely melded.
You are incapable of wielding weapons or throwing items.
You cannot cast spells.
Your spellcasting is much less encumbered by armour.
You can use scrolls of enchantment on lesser artefacts.


   Skills:
 - Level 4.0 Fighting
 + Level 8.1 Maces & Flails
 - Level 1.1 Armour
 - Level 1.0 Dodging
 - Level 4.0 Shields
 - Level 2.0 Unarmed Combat
 - Level 1.0 Spellcasting
 - Level 4.0 Fire Magic
 - Level 3.2 Evocations


You had 7 spell levels left.
You knew the following spells:

 Your Spells              Type           Power      Damage    Failure   Level
a - Foxfire               Conj/Fire      20%        2x1d5     13%         1

Your spell library contained the following spells:

 Spells                   Type           Power      Damage    Failure   Level
 Summon Small Mammal      Summ           0%         N/A       30%         1
 Volatile Blastmotes      Fire/Tloc      10%        2d10      36%         3
 Call Canine Familiar     Summ           0%         N/A       65%         3
 Summon Blazeheart Golem  Fire/Summ      5%         N/A       78%         4
 Summon Forest            Summ/Tloc      0%         N/A       100%        5
 Eringya's Noxious Bog    Alch           0%         4d6       100%        6
 Summon Hydra             Summ           0%         N/A       100%        7

Inventory:

Hand Weapons
 x - a +2 morningstar of freezing (melded) {mace}
   (You found it on level 5 of the Dungeon)
Missiles
 o - a curare-tipped dart {=fthrowing}
 y - 10 poisoned darts {throwing}
Armour
 d - a +0 leather armour (melded)
 f - the +1 pair of gloves of the Barnacle (melded) {rF++}
   (You acquired it on level 5 of the Dungeon)

   rF++:      It greatly protects you from fire.
 g - a +1 buckler (melded)
   (You found it on level 1 of the Dungeon)
Jewellery
 n - a +6 ring of strength (melded)
   (You found it on level 3 of the Dungeon)
 t - an amulet of guardian spirit (around neck)
   (You found it on level 4 of the Dungeon)
Scrolls
 a - a scroll of vulnerability {!r!r}
 e - 6 scrolls of blinking {!r}
 i - 2 scrolls of revelation
 j - a scroll of fog
 k - 5 scrolls of teleportation {@r4}
 l - a scroll of silence {!r}
Potions
 b - a potion of haste {@q3}
 h - a potion of enlightenment
 m - 2 potions of attraction {unknown}
 p - 2 potions of might {unknown}
 q - 2 potions of curing {unknown}
 r - a potion of mutation {unknown}

Dungeon Overview and Level Annotations

Branches:
Dungeon (6/15) Zot: 26245
 Temple: D:4-7

Altars:
Uskayaw
The Shining One

Shops:
D:2 (*[:?   D:6 *

Annotations:
D:4 2 runed translucent doors, Filo's ghost, amateur MiBe
D:6 Pikel

#..# #.......# #####
#<.###.......# #.#.####### ###.
........#.##.# #.........# #...
.....#..#.##.# #####...### #.#.
........#.##.# #...# ##...
##.#.........# #...# #....
....##.......#######...######....
....##.##.#...##...........##....
....##)##......§b§§§.D5....5...†>
....##.##.#.≈._§§§§§5§.....##.#.#
....##.##......§§§##...######....
######......########.#.## ###.# #
#####.#### #.###.# .#
#.##.######...## .#
#.#...........# .#
#.##.#...##...# .. #.
#.###.#############


There were no monsters in sight!


Message History

Unknown command.
You barely miss Pikel. You block Pikel's attack.
You hit Pikel. You freeze Pikel.
Pikel hits you with a +2 whip of freezing.
Pikel freezes you.
Pikel zaps a wand.
You easily resist. 😮 HP[-6] MP[-1]
You take 6 damage, and now have 44/59 hp.
You lost 1 mp, and now have 6/8 mp.
You closely miss Pikel.
Pikel zaps a wand.
You easily resist.
You puncture Pikel! You freeze Pikel. Pikel completely misses you. 😕 HP[+1]
You hit Pikel. You freeze Pikel.
Pikel zaps a wand.
You turn into a bat.
Your +2 morningstar of freezing {mace} melds into your body.
The +1 pair of gloves of the Barnacle {rF++} melds into your body.
Your +1 buckler melds into your body.
Your +0 leather armour melds into your body.
Your +6 ring of strength melds into your body.
Your +2 morningstar of freezing {mace} stops glowing.
You feel weaker. 😕 MP[+1]
You hit Pikel but do no damage.
Pikel misses you. 😕 HP[+1] Unknown command.
You barely miss Pikel. Pikel barely misses you.
You hit Pikel. Pikel barely misses you.
You hit Pikel but do no damage.
Unknown command.
You hit Pikel but do no damage.
Pikel closely misses you. 😕 HP[+1] Unknown command.
You hit Pikel but do no damage. Pikel closely misses you.
You barely miss Pikel.
Pikel hits you with a +2 whip of freezing.
Pikel freezes you. 😮 HP[-7] MP[-2]
You take 7 damage, and now have 40/59 hp.
You lost 2 mp, and now have 5/8 mp.
You barely miss Pikel. Pikel misses you.
Unknown command.
You barely miss Pikel. Pikel barely misses you. 😮 HP[+1]
Okay, then.
You barely miss Pikel.
Pikel completely misses you. 😮 MP[+1] Unknown command.
Unknown command.
Unknown command.
Unknown command.
Unknown command.
Unknown command. 😮 HP[+1] Unknown command.
Unknown command.
Unknown command.
Unknown command.
Aiming: Polymorph
Press: ? - help, Shift-Dir - straight line, f - you Nothing appears to happen. 😮 HP[+1] Unknown command.
Aiming: Polymorph
Press: ? - help, Shift-Dir - straight line, f - Pikel
Aim: Pikel, wielding a +2 whip of freezing, wearing a +0 robe and carrying a wand of polymorph (almost dead, will become a human, a shapeshifter, or a steam dragon, chance to affect: 57%) Pikel evaporates and reforms as a steam dragon!
Pikel breathes steam at you. The ball of steam hits you!!
* * * LOW HITPOINT WARNING * * *
😨 HP[-21] MP[-3]
You take 21 damage, and now have 22/59 hp.
MASSIVE DAMAGE!! (PAUSE)
You lost 3 mp, and now have 3/8 mp.
Unknown command.
Unknown command.
Unknown command.
Unknown command.
Aiming: Polymorph
Press: ? - help, Shift-Dir - straight line, f - you, p - Pikel Nothing appears to happen. 😨 MP[+1] Unknown command.
Aiming: Polymorph
Press: ? - help, Shift-Dir - straight line, f - you Nothing appears to happen.
The now-empty wand crumbles to dust.
Pikel breathes steam at you. The ball of steam hits you!!
* * * LOW HITPOINT WARNING * * *
The lemure is engulfed in a cloud of scalding steam. 😱 HP[-20] MP[-4]
You take 20 damage, and now have 2/59 hp.
MASSIVE DAMAGE!! (PAUSE)
You lost 4 mp, and now have 0/8 mp.
Unknown command.
You are engulfed in a cloud of scalding steam.
You die...

Skill      XL: |  1  2  3  4  5  6  7 |
---------------+----------------------+-----
Fighting       | 1 2 3 4 |  4.0
Fire Magic     | 3 4 |  4.0
Shields        | 1 4 |  4.0
Maces & Flails | 1 5 8 |  8.1
Armour         | |  1.1
Dodging        | |  1.0
Unarmed Combat | |  2.0
Spellcasting   | |  1.0
Evocations     | |  3.2

Action                     |  1- 3 |  4- 6 |  7- 9 || total
---------------------------+-------+-------+-------++-------
  Melee: Club              |    15 |       |       ||    15
         Whip              |    49 |       |       ||    49
         Dagger            |    49 |   102 |       ||   151
         Halberd           |    22 |       |       ||    22
         Short sword       |    21 |       |       ||    21
         Mace              |       |    12 |       ||    12
         Morningstar       |       |    24 |    56 ||    80
         Unarmed           |       |       |    10 ||    10
  Throw: Dart              |       |     2 |       ||     2
   Cast: Foxfire           |    42 |    81 |     9 ||   132
  Evoke: Wand              |       |     1 |     4 ||     5
    Use: Scroll            |     2 |    11 |       ||    13
         Potion            |     1 |       |       ||     1
 Armour: Leather armour    |    99 |    94 |    51 ||   244
         Skin              |       |       |     4 ||     4
  Dodge: Dodged            |    75 |    81 |    58 ||   214
  Block: Buckler           |       |     9 |    25 ||    34

Levels and vault maps discovered:
D:1:      nzn_arrival_crosshair, layout_basic
D:2:      layout_basic, serial_shops, shop, nicolae_shop_bloodbath_and_beyond,
          shop, nicolae_shop_hallway_plus, shop, minmay_indecisive_spiral
D:3:      layout_basic, hellmonk_ecumenical_altar_run_dry,
          minmay_goblin_kobold_house
D:4:      layout_cave_pods, ebering_ghost_sewer_f
D:5:      minmay_general_purpose_star, layout_gridville,
          nicolae_uskayaw_dance_hall, uniq_eustachio
D:6:      layout_loops_cross, mainiacjoe_overflow_tiny_flanked,
          minmay_temple_entry_antechambers, serial_shops, shop,
          nicolae_shop_gadgets, uniq_menkaure, uniq_pikel

Notes
Turn   | Place    | Note
-------+----------+-------------------------------------------
     0 | D:1      | MackTheKnife the Mountain Dwarf Wanderer began the quest
                  | for the Orb.
     0 | D:1      | MackTheKnife set off with the following items: a +0 club
                  | {mace}, a potion of haste {@q3}, a wand of polymorph (5), a
                  | +0 leather armour, 2 scrolls of blinking {!r}; and the
                  | following spell memorised: Foxfire; and the following
                  | spells available to memorise: Volatile Blastmotes.
     0 | D:1      | Reached XP level 1. HP: 14/14 MP: 2/2
     0 | D:1      | magus.rc [v1.9.6]
   137 | D:1      | Reached skill level 1 in Fighting
   140 | D:1      | Reached XP level 2. HP: 15/23 MP: 0/3
   219 | D:1      | Reached skill level 3 in Fire Magic
   509 | D:1      | Reached skill level 2 in Fighting
   617 | D:1      | Reached XP level 3. HP: 27/29 MP: 1/4
  1265 | D:2      | Found Kyuf's Book Shoppe.
  1337 | D:2      | Found Ciun Naxzy's Magic Scroll Shop.
  1347 | D:2      | Found Soickir's Antique Armour Boutique.
  1405 | D:2      | Bought a scroll of identify for 20 gold pieces
  1405 | D:2      | Bought a scroll of identify for 20 gold pieces
  1405 | D:2      | Bought a scroll of teleportation for 30 gold pieces
  1495 | D:2      | Found Xytij's General Store.
  1616 | D:2      | Reached skill level 4 in Fire Magic
  1800 | D:2      | Found Cojiohax's Weapon Emporium.
  1869 | D:2      | HP: 7/30 [poisoned by an adder]
  1874 | D:2      | HP: 4/30 [poisoned by an adder]
  1876 | D:2      | Reached skill level 3 in Fighting
  1876 | D:2      | Reached XP level 4. HP: 4/38 MP: 5/5
  2547 | D:3      | Found a faded altar of an unknown god.
  2897 | D:3      | Reached skill level 4 in Fighting
  3657 | D:3      | Reached skill level 1 in Shields
  3657 | D:3      | Reached XP level 5. HP: 42/46 MP: 6/6
  4047 | D:4      | Reached skill level 2 in Shields
  4213 | D:4      | You pick up a book of Callings and begin reading...
  4213 | D:4      | You add the spells Summon Small Mammal, Call Canine
                  | Familiar and Summon Blazeheart Golem to your library.
  4361 | D:4      | Reached skill level 3 in Shields
  4571 | D:4      | Found a runed translucent door.
  4582 | D:4      | Noticed Filo's ghost (amateur MiBe)
  4600 | D:4      | Found a runed translucent door.
  4737 | D:5      | Entered Level 5 of the Dungeon
  4819 | D:5      | Noticed a phantom
  4829 | D:5      | Killed a phantom
  4830 | D:5      | Reached skill level 4 in Shields
  4830 | D:5      | Reached skill level 1 in Maces & Flails
  4830 | D:5      | Reached XP level 6. HP: 50/52 MP: 3/7
  5004 | D:5      | Reached skill level 2 in Maces & Flails
  5097 | D:5      | You add the spells Summon Forest, Eringya's Noxious Bog and
                  | Summon Hydra to your library.
  5286 | D:5      | Reached skill level 3 in Maces & Flails
  5492 | D:5      | Noticed Eustachio
  5493 | D:5      | Eustachio changed into Eustachio the ribbon worm
  5493 | D:5      | Noticed Eustachio
  5500 | D:5      | Reached skill level 4 in Maces & Flails
  5502 | D:5      | Killed Eustachio the ribbon worm
  5714 | D:5      | Identified a scroll of acquirement
  5714 | D:5      | Acquired the +1 pair of gloves of the Barnacle {rF++}
  5756 | D:5      | Found a hide-covered altar of Uskayaw.
  6025 | D:6      | Reached skill level 5 in Maces & Flails
  6025 | D:6      | Reached XP level 7. HP: 54/59 MP: 6/8
  6204 | D:5      | Reached skill level 6 in Maces & Flails
  6278 | D:6      | Reached skill level 7 in Maces & Flails
  6440 | D:6      | Found a glowing golden altar of the Shining One.
  6474 | D:6      | Found Jezut's Gadget Gallery.
  6688 | D:6      | Reached skill level 8 in Maces & Flails
  6689 | D:6      | Noticed Pikel
  6733 | D:6      | Pikel changed into Pikel the steam dragon
  6733 | D:6      | Noticed Pikel
  6736 | D:6      | HP: 2/59 [Pikel the steam dragon/ball of steam (21)]
  6737 | D:6      | Engulfed by Pikel the steam dragon's steam

Vanquished Creatures
  A water moccasin (D:6)
  A black bear (D:6)
  A sky beast (D:5)
  2 ogres
  2 lemures (D:6)
  A phantom (D:5)
  A kobold brigand (D:5)
  A howler monkey (D:6)
  2 orc priests
  2 hounds (D:5)
  An iguana (D:5)
  7 adders
  A shadow imp (D:6)
  2 ufetubi (D:6)
  4 ribbon worms
  7 dart slugs
  9 orcs
  2 bats
  9 endoplasms
  6 giant cockroaches (D:1)
  4 goblins
  13 hobgoblins
  4 jackals (D:3)
  3 quokkas
  11 ball pythons
  4 frilled lizards
  14 kobolds
115 creatures vanquished.

Vanquished Creatures (others)
  208 foxfires
208 creatures vanquished.

Grand Total: 323 creatures vanquished

Table legend:
 A = Non-vault XP
 B = Vault XP
 C = Vault XP percentage of total XP
 D = Non-vault monster count
 E = Vault monster count
 F = Vault count percentage of total count
                 A         B        C        D         E       F
            +---------+---------+-------+---------+---------+-------
      Total |    1348 |      66 |   4.7 |     105 |       8 |   7.1
            +---------+---------+-------+---------+---------+-------
        D:1 |      62 |       0 |   0.0 |      30 |       0 |   0.0
        D:2 |      37 |      18 |  32.7 |      17 |       4 |  19.0
        D:3 |     102 |       4 |   3.8 |      20 |       2 |   9.1
        D:4 |      96 |       0 |   0.0 |      19 |       0 |   0.0
        D:5 |     561 |      44 |   7.3 |      11 |       2 |  15.4
        D:6 |     490 |       0 |   0.0 |       8 |       0 |   0.0
            +---------+---------+-------+---------+---------+-------

Skill      XL: |  1  2  3  4  5  6  7 |
---------------+----------------------+-----
Fighting       | 1 2 3 4 |  4.0
Fire Magic     | 3 4 |  4.0
Shields        | 1 4 |  4.0
Maces & Flails | 1 5 8 |  8.1
Armour         | |  1.1
Dodging        | |  1.0
Unarmed Combat | |  2.0
Spellcasting   | |  1.0
Evocations     | |  3.2

Action                     |  1- 3 |  4- 6 |  7- 9 || total
---------------------------+-------+-------+-------++-------
  Melee: Club              |    15 |       |       ||    15
         Whip              |    49 |       |       ||    49
         Dagger            |    49 |   102 |       ||   151
         Halberd           |    22 |       |       ||    22
         Short sword       |    21 |       |       ||    21
         Mace              |       |    12 |       ||    12
         Morningstar       |       |    24 |    56 ||    80
         Unarmed           |       |       |    10 ||    10
  Throw: Dart              |       |     2 |       ||     2
   Cast: Foxfire           |    42 |    81 |     9 ||   132
  Evoke: Wand              |       |     1 |     4 ||     5
    Use: Scroll            |     2 |    11 |       ||    13
         Potion            |     1 |       |       ||     1
 Armour: Leather armour    |    99 |    94 |    51 ||   244
         Skin              |       |       |     4 ||     4
  Dodge: Dodged            |    75 |    81 |    58 ||   214
  Block: Buckler           |       |     9 |    25 ||    34

Illustrated notes

Table legend:
 A = Kills in this place as a percentage of kills in the entire game.
 B = Kills by you in this place as a percentage of kills by you in the entire game.
 C = Kills by friends in this place as a percentage of kills by friends in the entire game.
 D = Other kills in this place as a percentage of other kills in the entire game.
 E = Experience gained in this place as a percentage of experience gained in the entire game.
 F = Experience gained in this place divided by the number of levels of this place that you have seen.
                   A       B       C       D       E      F
               +-------+-------+-------+-------+-------+----------------------
         Total | 100.0 | 100.0 |   N/A |   N/A | 100.0 | 235.7
       Dungeon | 100.0 | 100.0 |   N/A |   N/A | 100.0 | 235.7
               +-------+-------+-------+-------+-------+----------------------

Table legend: (Time is in decaauts)
 A = Elapsed time spent in this place.
 B = Non-inter-level travel time spent in this place.
 C = Inter-level travel time spent in this place.
 D = Time resting spent in this place.
 E = Time spent auto-exploring this place.
 F = Levels seen in this place.
 G = Mean time per level.
                   A        B        C        D        E       F      G
               +--------+--------+--------+--------+--------+-----+--------+
         Total |   6772 |   6570 |    202 |    579 |   4954 |   6 | 1128.7 |
       Dungeon |   6772 |   6570 |    202 |    579 |   4954 |   6 | 1128.7 |
               +--------+--------+--------+--------+--------+-----+--------+

Top non-repeatable levels by time:
     D:5: 1593 daAuts
     D:3: 1305 daAuts
     D:1: 1233 daAuts
     D:2: 1159 daAuts
     D:4: 1049 daAuts
     D:6: 430 daAuts
